 Dungeon Crawl Stone Soup version 0.20-a0-1124-g2e29d97 (webtiles) character file.

288 poirepourri the Chopper (level 6, 0/55 HPs)
             Began as a Minotaur Fighter on May 16, 2017.
             Engulfed by a cloud of flame (12 damage)
             ... on level 3 of the Dungeon.
             The game lasted 00:03:03 (1810 turns).

poirepourri the Chopper (Minotaur Fighter)          Turns: 1810, Time: 00:03:04

Health: 0/55       AC: 10    Str: 21    XL:     6   Next: 9%
Magic:  5/5        EV:  8    Int:  5    God:
Gold:   106        SH: 10    Dex: 11    Spells: 5/5 levels left

rFire    . . .     SeeInvis .   a - +0 war axe
rCold    . . .     Gourm    .   c - +0 shield
rNeg     . . .     Faith    .   b - +0 scale mail
rPois    .         Spirit   .   (helmet restricted)
rElec    .         Reflect  .   (no cloak)
rCorr    .         Harm     .   (no gloves)
MR       .....                  i - +2 pair of boots
Stlth    ..........             (no amulet)
Regen    0.2/turn               (no ring)
MPRegen  0.1/turn               (no ring)

@: no status effects
A: retaliatory headbutt, horns 2
a: no special abilities


You were on level 3 of the Dungeon.
You were not hungry.

You visited 1 branch of the dungeon, and saw 3 of its levels.

You collected 106 gold pieces.

Inventory:

Hand Weapons
 a - a +0 war axe (weapon)
Armour
 b - a +0 scale mail (worn)
 c - a +0 shield (worn)
 i - a +2 pair of boots (worn)
Wands
 l - a wand of lightning (15/15)
Scrolls
 g - 2 scrolls of remove curse
 k - a scroll of amnesia
Potions
 d - 2 potions of curing
 e - a potion of haste
 h - a potion of berserk rage {unknown}
 j - a potion of agility
Comestibles
 f - a bread ration
 n - a royal jelly


   Skills:
 + Level 4.9 Fighting
 + Level 5.6 Axes
 - Level 3.6 Armour
 + Level 1.3 Dodging
 + Level 5.1 Shields


You had 5 spell levels left.
You didn't know any spells.

Dungeon Overview and Level Annotations

Branches:
Dungeon (3/15)

Altars:


Innate Abilities, Weirdness & Mutations

You reflexively headbutt those who attack you in melee.
You have a pair of horns on your head.


Message History

m - a scroll labeled APY VOIBLOU You see here 20 stones.
An adder comes into view.
An adder is nearby!
An adder is nearby!
An adder is nearby!
As you read the scroll labeled APY VOIBLOU, it crumbles to dust.
The creatures around you are filled with an inner flame!
It was a scroll of immolation.
You block the adder's attack.
Your shield prevents you from hitting the adder.
Your headbutt misses the adder. The adder barely misses you.
You furiously retaliate!
You headbutt the adder!
The adder explodes!
The fiery explosion engulfs you!
Ouch! That really hurt!
You are engulfed in blazing flames.
* * * LOW HITPOINT WARNING * * *
You are engulfed in blazing flames.
You die...

#.....# #.....##.## ##.##
#.....# #......#.# #.# ......#
#......#.# #.# ......#
#.....%#.# #.# ..#####
#.....##.## ##.## ..#
#####.....#...#####...## ..#
#####......§§.))#.......#..#
..#.......%....§§§#...#####...##
..#...........##@###.## ##.##
###.(.........##.........#
##.###
...........##.#.........##....
...........##.#.........##..##
...........##.#.............#
...........##....>.......#..#
........#####.##########.#...
####........#.# # #.(## ###
###........# ##.#


There were no monsters in sight!

Vanquished Creatures
  Sigmund (D:2)
  An orc wizard (D:3)
  2 adders
  2 oozes
  5 worms
  5 leopard geckos
  2 orcs (D:3)
  5 giant cockroaches
  7 hobgoblins
  2 jackals (D:2)
  6 kobolds
  2 ball pythons
  5 bats
  2 frilled lizards
  11 goblins
  10 rats
68 creatures vanquished.

Notes
Turn   | Place    | Note
-------+----------+-------------------------------------------
     0 | D:1      | poirepourri the Minotaur Fighter began the quest for the Orb.
     0 | D:1      | Reached XP level 1. HP: 19/19 MP: 0/0
    97 | D:1      | Reached XP level 2. HP: 27/27 MP: 1/1
   440 | D:1      | Reached XP level 3. HP: 33/33 MP: 2/2
   879 | D:2      | Found a faded altar of an unknown god.
  1120 | D:2      | Reached XP level 4. HP: 40/40 MP: 3/3
  1358 | D:2      | Noticed Sigmund
  1384 | D:2      | Killed Sigmund
  1384 | D:2      | Reached skill level 5 in Axes
  1384 | D:2      | Reached skill level 1 in Dodging
  1384 | D:2      | Reached skill level 5 in Shields
  1384 | D:2      | Reached XP level 5. HP: 35/47 MP: 4/4
  1550 | D:3      | Reached XP level 6. HP: 53/55 MP: 5/5
  1810 | D:3      | Engulfed by a cloud of flame

Vault maps used:
D:1:      saegor_arrival_miasma, minmay_misc_feat_chi
D:2:      chequers_ecumenical_altar_island, kennysheep_generic_room_5,
          uniq_sigmund
D:3:      minmay_misc_feat_tower

Skill      XL: |  1  2  3  4 |
---------------+-------------+-----
Shields        | 4 5 |  5.1
Axes           | 3 5 |  5.6
Fighting       | 4 |  4.9
Dodging        | 1 |  1.3
Armour         | |  3.6

Action                   |  1- 3 |  4- 6 || total
-------------------------+-------+-------++-------
Melee: War axe           |    91 |    49 ||   140
       Headbutt          |    14 |     6 ||    20
  Use: Scroll            |     3 |     6 ||     9
       Potion            |       |     4 ||     4
  Eat: Royal jelly       |     1 |       ||     1
       Bread ration      |       |     1 ||     1
Armor: Scale mail        |    40 |    27 ||    67
Dodge: Dodged            |    38 |    19 ||    57
Block: Shield            |    43 |    33 ||    76
